 Dungeon Crawl Stone Soup version 0.31.0-32-g396128a36d (webtiles) character file.

Game seed: 11725608941214589693

1682 H0rd4k the Insei (level 9, -7/61 HPs)
             Began as an Octopode Artificer on Mar 11, 2024.
             Was an Initiate of Gozag.
             Mangled by a gnoll sergeant
             ... wielding a +0 trident
              (15 damage)
             ... on level 7 of the Dungeon on Mar 12, 2024.
             The game lasted 00:08:30 (6564 turns).

H0rd4k the Insei (Octopode Artificer)               Turns: 6564, Time: 00:08:32

Health: -7/61      AC:  1    Str: 11    XL:     9   Next: 2%
Magic:  9/9        EV: 18    Int: 18    God:    Gozag
Gold:   589        SH:  5    Dex: 12    Spells: 8/8 levels left

rFire   . . .        t - +5 Force Lance {heavy, knockback}
rCold   . . .        (no shield)
rNeg    . . .        (helmet restricted)
rPois   .            m - amulet of reflection
rElec   .            s - ring of see invisible
rCorr   .            y - +5 ring of evasion
SInv    +            (no ring)
Will    .....        (no ring)
Stlth   +++          (no ring)
HPRegen 0.30/turn    (no ring)
MPRegen 0.11/turn    (no ring)
                     (no ring)

%: reflection
@: gold aura, studying Staves
A: almost no armour, amphibious, 8 rings, camouflage 1, gelatinous body 1,
(nimble swimmer 1), tentacles
a: Renounce Religion, Potion Petition, Call Merchant, Bribe Branch


You were on level 7 of the Dungeon.
You worshipped Gozag.
Gozag was pleased with you.
You visited 2 branches of the dungeon, and saw 8 of its levels.
You also visited: Ossuary.

You collected 687 gold pieces.
You paid 98 gold pieces to Gozag.

Inventory:

Hand Weapons
 a - a +2 demon trident of venom
 t - the +5 Force Lance (weapon) {heavy, knockback}
   (You found it on level 5 of the Dungeon)
 x - a +2 dagger of venom
Missiles
 v - 2 throwing nets
 w - 2 poisoned darts
Jewellery
 i - a ring of fire
 k - an amulet of the acrobat
 m - an amulet of reflection (around mantle)
 s - a ring of see invisible (left tentacle)
 y - a +5 ring of evasion (right tentacle)
 z - a +6 ring of dexterity
Wands
 b - a wand of flame (31) (quivered)
 c - a wand of charming (3)
Scrolls
 f - a scroll of immolation
 h - 6 scrolls of teleportation
 j - 2 scrolls of enchant armour
 l - a scroll of poison
 o - 4 scrolls of brand weapon
 q - 2 scrolls of fear
 r - a scroll of revelation
 E - a scroll of fog
 F - a scroll of noise {unknown}
Potions
 e - 7 potions of curing {unknown}
 g - a potion of resistance {unknown}
 n - 7 potions of ambrosia {unknown}
 p - 4 potions of heal wounds {unknown}
 u - a potion of magic {unknown}
 A - 3 potions of degeneration {unknown}
 B - a potion of might {unknown}
 C - a potion of enlightenment {unknown}
 D - 5 potions of mutation {unknown}


   Skills:
 + Level 5.6 Fighting
 - Level 5.1 Short Blades
 + Level 3.7 Polearms
 - Level 2.3 Dodging
 - Level 1.3 Stealth
 - Level 1.8 Shields
 - Level 6.3 Unarmed Combat
 - Level 3.2 Evocations


You had 8 spell levels left.
You didn't know any spells.
Your spell library contained the following spells:

 Spells                   Type           Power      Damage    Failure   Level
 Apportation              Tloc           0%         N/A       22%         1
 Necrotise                Necr           0%         1d4       22%         1
 Shock                    Conj/Air       0%         1d3       22%         1
 Sting                    Conj/Alch      0%         1d3       22%         1
 Summon Small Mammal      Summ           0%         N/A       22%         1
 Swiftness                Air            0%         N/A       54%         3
 Tukima's Dance           Hex            0%         N/A       54%         3
 Airstrike                Air            0%         2d(0-16)  91%         4
 Passage of Golubria      Tloc           0%         N/A       91%         4
 Yara's Violent Unravell  Hex/Alch       0%         3d3       99%         5


Dungeon Overview and Level Annotations

Branches:
Dungeon (7/15)             Temple (1/1) D:4         Ossuary (visited)

Altars:
Ashenzari
Cheibriados
Dithmenos
Elyvilon
Fedhas
Gozag
Hepliaklqana
Kikubaaqudgha
Makhleb
Nemelex Xobeh
Qazlal
Ru
Uskayaw
Vehumet
Wu Jian
Xom
Yredelemnul
Zin
The Shining One

Shops:
D:1 (

Annotations:
D:2 1 runed translucent door, exclusion: door, Crazy Yiuf
D:4 2 runed translucent doors, exclusions: 2 doors and downstairs, mora's ghost, amateur DEEE
D:6 2 runed translucent doors, exclusion: 2 doors, nitefall's ghost, novice DgFi


Innate Abilities, Weirdness & Mutations

You cannot wear most types of armour.
You are amphibious.
You can wear up to eight rings at the same time.
Your skin changes colour to match your surroundings (Stealth+).
Your rubbery body absorbs attacks. (AC +1, EV +1)
((You are camouflaged when in or above water. (Stealth+)))
You have tentacles for arms and can constrict up to eight enemies at once.


Message History

Press: ? - help, Shift-Dir - straight line, f - gnoll
Aim: a gnoll, wielding a +0 flail (chance to affect: 66%)
The gnoll is charmed.
The gnoll sergeant hits you from afar with a +0 trident!
* * * LOW HITPOINT WARNING * * *
Unknown command.
The gnoll sergeant hits your gnoll with a +0 trident!
Your gnoll dies!
The gnoll is distracted by your dazzling golden aura.
The gnoll shouts!
What are your orders? t - Shout!
Orders for allies: a - Attack new target. r - Retreat! s - Stop attacking. g - Guard the area. f - Follow me.
Anything else - Cancel.
Okay, then.
Aiming: Iceblast
Press: ? - help, Shift-Dir - straight line, f - gnoll sergeant
Aim: a gnoll sergeant, wielding a +0 trident and wearing a +0 scale mail The mass of ice explodes!
The iceblast engulfs the gnoll sergeant!
The gnoll sergeant is heavily wounded.
The iceblast engulfs the gnoll!
The gnoll is heavily wounded.
The iceblast engulfs the gnoll.
The gnoll is heavily wounded.
The gnoll is no longer distracted by gold.
Aiming: Iceblast
Press: ? - help, Shift-Dir - straight line, f/p - gnoll sergeant
Aim: a gnoll sergeant, wielding a +0 trident and wearing a +0 scale mail (heavily wounded)
The mass of ice explodes!
The iceblast engulfs the gnoll sergeant!
The gnoll sergeant is almost dead.
The iceblast engulfs the gnoll!
You kill the gnoll!
The now-empty wand crumbles to dust.
The gnoll sergeant hits you from afar with a +0 trident!
You die...
Your body crumbles into a pile of gold.

###.#.. #... ....... #...
....... #... ....... +...
....... #... .......
#...##.....# #....@.#
#....### ####g# ... #.g#
.... ##$## .....###..# ##
.........## ##. .....##.(#
#<#
.........#################.#


You could see a gnoll sergeant and a gnoll.

Vanquished Creatures
  2 orc warriors (D:6)
  An ice beast (D:5)
  A black bear (D:4)
  An elf zombie (Ossuary)
  A gnoll sergeant (D:4)
  2 scorpions (Ossuary)
  2 jellies
  4 bombardier beetles
  3 orc priests
  A gnoll bouda (D:5)
  Natasha (thrice) (D:2)
  2 iguanas
  An orc wizard (D:4)
  4 scorpion zombies (Ossuary)
  3 mummies (Ossuary)
  14 gnolls
  8 adders
  A shadow imp (D:6)
  A white imp (D:5)
  2 ufetubi (D:7)
  3 adder zombies (Ossuary)
  5 dart slugs
  A ribbon worm (D:4)
  16 orcs
  7 endoplasms
  2 giant cockroaches
  3 gnoll zombies (Ossuary)
  6 goblins
  6 hobgoblins
  7 jackals
  9 kobolds
  6 quokkas
  3 ball pythons
  7 bats
  A frilled lizard (D:1)
  5 jackal zombies (Ossuary)
  A kobold zombie (Ossuary)
  6 rats
  2 rat zombies (D:4)
153 creatures vanquished.

Vanquished Creatures (collateral kills)
  A hound (D:6)
  A jelly (D:6)
  An iguana (D:6)
  5 gnolls
  A kobold (D:3)
9 creatures vanquished.

Vanquished Creatures (others)
  An ogre (D:6)
  A jelly (D:4)
  A gnoll (D:7)
  2 ufetubi (D:5)
5 creatures vanquished.

Grand Total: 167 creatures vanquished

Notes
Turn   | Place    | Note
-------+----------+-------------------------------------------
     0 | D:1      | H0rd4k the Octopode Artificer began the quest for the Orb.
     0 | D:1      | Reached XP level 1. HP: 13/13 MP: 1/1
   146 | D:1      | Reached XP level 2. HP: 15/18 MP: 2/2
   191 | D:1      | Reached skill level 1 in Unarmed Combat
   201 | D:1      | Found a faded altar of an unknown god.
   307 | D:1      | Found Jyfur's Antique Weapon Shop.
   822 | D:2      | Reached XP level 3. HP: 20/24 MP: 3/3
   829 | D:2      | Reached skill level 2 in Unarmed Combat
   936 | D:2      | Noticed Natasha
   945 | D:2      | Killed Natasha
   947 | D:2      | Reached skill level 1 in Short Blades
   955 | D:2      | Noticed Natasha
   961 | D:2      | Killed Natasha
   962 | D:2      | Reached XP level 4. HP: 8/29 MP: 4/4
  1011 | D:2      | Noticed Natasha
  1018 | D:2      | Killed Natasha
  1184 | D:2      | Reached skill level 3 in Unarmed Combat
  1356 | D:2      | Reached XP level 5. HP: 33/35 MP: 5/5
  1657 | D:2      | Found a runed translucent door.
  1658 | D:2      | Noticed Crazy Yiuf
  2486 | D:3      | Reached XP level 6. HP: 23/41 MP: 6/6
  2690 | D:4      | Noticed a +0 falchion
  2690 | D:4      | Noticed a +0 spear
  2690 | D:4      | Noticed a +0 falchion
  2694 | D:4      | Noticed a +0 short sword
  2697 | D:4      | Noticed a +0 dagger
  2827 | D:4      | Noticed a +0 spear
  2828 | D:4      | Noticed a +0 dagger
  2829 | D:4      | Noticed a +0 short sword
  2849 | D:4      | Found a sand-covered staircase.
  2871 | Ossuary  | Entered an ossuary
  3176 | Ossuary  | Reached skill level 4 in Unarmed Combat
  3176 | Ossuary  | Reached XP level 7. HP: 44/46 MP: 7/7
  3557 | D:4      | Reached skill level 1 in Shields
  3557 | D:4      | Reached skill level 5 in Unarmed Combat
  3700 | D:4      | Found a runed translucent door.
  3730 | D:4      | Noticed mora's ghost (amateur DEEE)
  3779 | D:4      | Found a staircase to the Ecumenical Temple.
  3791 | Temple   | Entered the Ecumenical Temple
  3808 | Temple   | Became a worshipper of Gozag Ym Sagoz the Greedy
  3838 | D:4      | Found a hazy altar of Hepliaklqana.
  3946 | D:4      | Found a runed translucent door.
  3991 | D:4      | Reached XP level 8. HP: 43/54 MP: 8/8
  4037 | D:4      | Found a hide-covered altar of Uskayaw.
  4323 | D:5      | Entered Level 5 of the Dungeon
  4532 | D:5      | Reached skill level 5 in Short Blades
  4741 | D:5      | Found an ancient bone altar of Kikubaaqudgha.
  4794 | D:5      | Reached skill level 6 in Unarmed Combat
  5049 | D:5      | Found the +5 Force Lance {heavy, knockback}
  5321 | D:5      | Reached skill level 1 in Polearms
  5796 | D:6      | Reached skill level 5 in Fighting
  5935 | D:6      | Found a large runed translucent door.
  5936 | D:6      | Found a large runed translucent door.
  5937 | D:6      | Noticed nitefall's ghost (novice DgFi)
  5949 | D:6      | Reached XP level 9. HP: 9/61 MP: 9/9
  6564 | D:7      | Mangled by a gnoll sergeant

Illustrated notes

Levels and vault maps discovered:
D:1:      tarquinn_simple_flora_water_b, layout_basic, serial_shops, shop,
          ebering_ecumenical_altar_mist, moated_statue, minmay_hexomino_c4
D:2:      layout_loops_ring, minmay_misc_feat_room, uniq_natasha,
          uniq_crazy_yiuf_cottage
D:3:      layout_basic
D:4:      layout_cave_pools, nicolae_uskayaw_en_pointe,
          mainiacjoe_overflow_six_doors_small,
          minmay_temple_entry_statues_pillars, enter_ossuary_4,
          ebering_ghost_sewer_f
D:5:      layout_loops_ring, mainiacjoe_overflow_surrounded_room
D:6:      layout_loops_cross, ebering_ghost_disaster_area,
          minmay_manual_monolith
D:7:      layout_basic, nicolae_shop_distant_corner_stores, uniq_prince_ribbit1
Temple:   nicolae_temple_elliptical

Skill      XL: |  1  2  3  4  5  6  7  8 |
---------------+-------------------------+-----
Unarmed Combat | 1 2 3 4 5 6 |  6.3
Fighting       | 2 3 5 |  5.6
Short Blades   | 1 3 4 5 |  5.1
Shields        | 1 |  1.8
Polearms       | 3 |  3.7
Dodging        | |  2.3
Stealth        | |  1.3
Evocations     | |  3.2

Action                     |  1- 3 |  4- 6 |  7- 9 || total
---------------------------+-------+-------+-------++-------
  Melee: Unarmed           |    46 |    55 |    31 ||   132
         Constrict         |    22 |    40 |    40 ||   102
         Tentacles         |    21 |    55 |    43 ||   119
         Dagger            |    27 |   124 |    99 ||   250
         Punch             |     1 |     3 |     7 ||    11
         Lance             |       |       |    58 ||    58
  Evoke: Wand              |       |     3 |    22 ||    25
    Use: Scroll            |       |       |    12 ||    12
   Stab: Sleeping          |     4 |    10 |     4 ||    18
         Distracted        |       |       |     1 ||     1
 Armour: Skin              |    34 |    62 |    61 ||   157
  Dodge: Dodged            |    51 |    75 |   154 ||   280
  Block: Other             |       |    13 |    30 ||    43
